[Event "EYTCC U18 Open 2019"]
[Site "Pardubice"]
[Date "2019.07.14"]
[Round "4.5"]
[White "Gavrilescu, David"]
[Black "Gazik, Viktor"]
[Result "0-1"]
[ECO "B30"]
[WhiteElo "2473"]
[BlackElo "2525"]
[Annotator "ChessBase"]
[PlyCount "98"]
[EventDate "2019.07.11"]
[EventType "swiss"]
[EventCountry "CZE"]
[SourceTitle "playchess.com"]
[Source "ChessBase"]
[SourceQuality "1"]
[WhiteTeam "Romania"]
[BlackTeam "Slovakia"]
[WhiteTeamCountry "ROU"]
[BlackTeamCountry "SVK"]
[TimeControl "40/5400+30:1800+30"]

1. e4 c5 2. Nf3 Nc6 3. Bb5 e6 4. Bxc6 bxc6 5. b3 d6 6. e5 d5 7. O-O f5 8. d3 Ba6 9. Nc3 d4 10. Ne2 Be7 11. Nf4 Bc8 12. h4 Bxh4 13. Nxh4 Qxh4 14. g3 Qe7 15. Qh5+ Kd7 16. c3 Nh6 17. Ba3 Qf7 18. Qh1 Ng4 19. Rac1 Bb7 20. cxd4 cxd4 21. Rc5 Rac8 22. Rfc1 h5 23. R5c4 Nxe5 24. Rxd4+ Ke8 25. Bc5 Rh6 26. Re1 Nd7 27. b4 h4 28. Rd6 Nf8 29. Qf3 hxg3 30. fxg3 Rc7 31. Qe3 Bc8 32. Qe5 g5 33. Ng2 Bd7 34. Rd4 Rb7 35. Qe3 Qh5 36. Bxf8 Kxf8 37. Rd6 f4 38. gxf4 Qh2+ 39. Kf2 Rf6 40. Rd4 c5 41. Rc4 Bb5 42. Re4 gxf4 43. Qxc5+ Kg7 44. Qd4 Bc6 45. Rg1 Bxe4 46. Qxe4 Rc7 47. Kf1 f3 48. Nh4+ Qxg1+ 49. Kxg1 f2+ 0-1

[Event "EYTCC U18 Open 2019"]
[Site "Pardubice"]
[Date "2019.07.14"]
[Round "4.6"]
[White "Pechac, Jergus"]
[Black "Stoleriu, George"]
[Result "1-0"]
[ECO "C18"]
[WhiteElo "2469"]
[BlackElo "2360"]
[Annotator "ChessBase"]
[PlyCount "175"]
[EventDate "2019.07.11"]
[EventType "swiss"]
[EventCountry "CZE"]
[SourceTitle "playchess.com"]
[Source "ChessBase"]
[SourceQuality "1"]
[WhiteTeam "Slovakia"]
[BlackTeam "Romania"]
[WhiteTeamCountry "SVK"]
[BlackTeamCountry "ROU"]
[TimeControl "40/5400+30:1800+30"]

1. d4 e6 2. e4 d5 3. Nc3 Bb4 4. e5 c5 5. a3 Bxc3+ 6. bxc3 Qc7 7. Qg4 f6 8. Qg3 Qf7 9. Nf3 c4 10. a4 Nc6 11. Be2 Nge7 12. O-O Qg6 13. Ba3 Nf5 14. Qf4 Qh6 15. Qxh6 Nxh6 16. exf6 gxf6 17. Nh4 Ne7 18. Rab1 Ng6 19. Bh5 Rg8 20. g3 Kd7 21. Ng2 Nf5 22. Rfe1 Nd6 23. Bf3 Rb8 24. h4 f5 25. a5 Ne4 26. Bxe4 fxe4 27. Bc5 Ra8 28. Re3 e5 29. h5 exd4 30. cxd4 Nh8 31. Nf4 Kc6 32. Ree1 Nf7 33. Rb4 Ng5 34. Kg2 Nf3 35. Reb1 Nd2 36. Rd1 Nf3 37. Rdb1 Nd2 38. R1b2 Rg7 39. Rb5 c3 40. R2b4 Bg4 41. Nxd5 Bf3+ 42. Kg1 Be2 43. Ne7+ Rxe7 44. d5+ Kxd5 45. Bxe7+ Bxb5 46. Rxb5+ Ke6 47. Rxb7 Nf3+ 48. Kf1 Nd4 49. Bg5 Kf5 50. Bf4 Rd8 51. Rf7+ Kg4 52. Be5 Nf5 53. Bxc3 Rc8 54. Be1 Rxc2 55. h6 a6 56. Rxh7 e3 57. Kg2 exf2 58. Bxf2 Rc6 59. Rb7 Rxh6 60. Rb4+ Kg5 61. g4 Nh4+ 62. Kg3 Re6 63. Rf4 Ng6 64. Rf5+ Kh6 65. Rh5+ Kg7 66. Bd4+ Kg8 67. Kf3 Kf7 68. Rh7+ Kg8 69. Rg7+ Kf8 70. Ra7 Ke8 71. Bb6 Ne5+ 72. Kf4 Nc4 73. Rxa6 Kf7 74. Ra7+ Kg6 75. Bd4 Nd6 76. Rg7+ Kh6 77. g5+ Kh5 78. Rh7+ Kg6 79. Rh6+ Kf7 80. Rxe6 Kxe6 81. a6 Nb5 82. a7 Nc7 83. Ke4 Kd7 84. g6 Ke6 85. Bb6 Na8 86. Ba5 Kf6 87. Kd5 Kxg6 88. Ke4 1-0

[Event "EYTCC U18 Open 2019"]
[Site "Pardubice"]
[Date "2019.07.14"]
[Round "4.8"]
[White "Sahidi, Samir"]
[Black "Ognean, Mihnea-Ionut"]
[Result "1/2-1/2"]
[ECO "D52"]
[WhiteElo "2369"]
[BlackElo "2287"]
[Annotator "ChessBase"]
[PlyCount "234"]
[EventDate "2019.07.11"]
[EventType "swiss"]
[EventCountry "CZE"]
[SourceTitle "playchess.com"]
[Source "ChessBase"]
[SourceQuality "1"]
[WhiteTeam "Slovakia"]
[BlackTeam "Romania"]
[WhiteTeamCountry "SVK"]
[BlackTeamCountry "ROU"]
[TimeControl "40/5400+30:1800+30"]

1. d4 Nf6 2. c4 e6 3. Nf3 d5 4. Nc3 Nbd7 5. Bg5 c6 6. e3 Qa5 7. Bxf6 Nxf6 8. Nd2 Bb4 9. Qc2 O-O 10. Bd3 c5 11. Nb3 Qc7 12. dxc5 dxc4 13. Bxc4 Bxc5 14. Nxc5 Qxc5 15. Be2 Bd7 16. Bf3 Bc6 17. Bxc6 Qxc6 18. O-O Rac8 19. Qb3 a6 20. Rfd1 Rfd8 21. h3 h6 22. Rxd8+ Rxd8 23. Rd1 Rxd1+ 24. Qxd1 Qd7 25. Qxd7 Nxd7 26. Kf1 Kf8 27. Ke2 Ke7 28. g4 Kd6 29. f4 f5 30. Kf3 g6 31. b4 e5 32. gxf5 gxf5 33. e4 Ke6 34. Nd5 exf4 35. Kxf4 fxe4 36. Kxe4 Ne5 37. Nf4+ Kf6 38. Kd5 Kf5 39. Nh5 Nd3 40. a3 Nf4+ 41. Nxf4 Kxf4 42. Kc5 Kg3 43. Kb6 Kxh3 44. Kxb7 h5 45. Kxa6 h4 46. b5 Kg4 47. b6 h3 48. b7 h2 49. b8=Q h1=Q 50. Qb4+ Kg3 51. Qd6+ Kg4 52. a4 Qf1+ 53. Kb6 Qf2+ 54. Qc5 Qb2+ 55. Ka5 Kh3 56. Qe3+ Kg2 57. Qe4+ Kh2 58. Ka6 Qf6+ 59. Kb5 Qb2+ 60. Kc5 Qc3+ 61. Kb5 Qb2+ 62. Qb4 Qe2+ 63. Qc4 Qe5+ 64. Ka6 Qf6+ 65. Kb7 Qf3+ 66. Qc6 Qb3+ 67. Ka6 Qd3+ 68. Ka7 Qd4+ 69. Ka8 Qh8+ 70. Kb7 Qb2+ 71. Qb6 Qg2+ 72. Ka7 Qg7+ 73. Ka8 Kh3 74. a5 Qf8+ 75. Kb7 Qf7+ 76. Qc7 Qd5+ 77. Kb8 Qb3+ 78. Kc8 Qg8+ 79. Qd8 Qc4+ 80. Kb7 Qb5+ 81. Qb6 Qd7+ 82. Qc7 Qb5+ 83. Ka7 Qd5 84. Qc8+ Kh4 85. Qh8+ Kg3 86. Qg7+ Kh4 87. Qf6+ Kh3 88. Qc3+ Kh4 89. a6 Qd7+ 90. Kb8 Qb5+ 91. Ka7 Qd7+ 92. Kb6 Qd8+ 93. Qc7 Qd4+ 94. Qc5 Qd8+ 95. Kb5 Qd7+ 96. Ka5 Qd8+ 97. Qb6 Qd5+ 98. Qb5 Qd8+ 99. Ka4 Qd1+ 100. Qb3 Qa1+ 101. Kb5 Qe5+ 102. Kb4 Qd6+ 103. Ka5 Qe5+ 104. Qb5 Qc7+ 105. Kb4 Qd6+ 106. Kc3 Qa3+ 107. Kc4 Qa2+ 108. Kc5 Qf2+ 109. Kb4 Qd2+ 110. Ka3 Qc3+ 111. Ka4 Qa1+ 112. Kb4 Qe1+ 113. Kc5 Qe5+ 114. Kb6 Qb8+ 115. Ka5 Qd8+ 116. Qb6 Qd5+ 117. Qb5 Qd8+ 1/2-1/2

[Event "EYTCC U18 Open 2019"]
[Site "Pardubice"]
[Date "2019.07.14"]
[Round "4.9"]
[White "Subelj, Jan"]
[Black "Ozsakallioglu, Okan"]
[Result "1/2-1/2"]
[ECO "B50"]
[WhiteElo "2425"]
[BlackElo "2243"]
[Annotator "NA"]
[PlyCount "95"]
[EventDate "2019.07.11"]
[EventType "swiss"]
[EventCountry "CZE"]
[SourceTitle "playchess.com"]
[Source "ChessBase"]
[SourceQuality "1"]
[WhiteTeam "Slovenia"]
[BlackTeam "Turkey"]
[WhiteTeamCountry "SLO"]
[BlackTeamCountry "TUR"]
[TimeControl "40/5400+30:1800+30"]

1. e4 c5 2. Nf3 d6 3. c3 Nf6 4. Be2 Nc6 5. d4 g6 6. O-O Bg7 7. d5 Nb8 8. Re1 O-O 9. Bf1 e6 10. c4 exd5 11. cxd5 Re8 12. Nc3 Bg4 13. Bf4 Nh5 14. Be3 Nd7 15. h3 Bxf3 16. Qxf3 Ne5 17. Qd1 a6 18. a4 Nf6 19. g4 Qb6 20. Qe2 Qb4 21. f4 Nexg4 22. hxg4 Nxe4 23. Nxe4 Rxe4 24. Qd2 Qxb2 25. Qxb2 Bxb2 26. Rab1 Bd4 27. Bxd4 Rxd4 28. a5 Rxf4 29. Rxb7 Rxg4+ 30. Kh2 Ra4 31. Ree7 Rf8 32. Rb6 Rxa5 33. Rxd6 Ra2+ 34. Kg1 a5 35. Rc6 Kg7 36. Rxc5 Kf6 37. Re1 Rb8 38. Bc4 Rd2 39. Rf1+ Kg7 40. Rc7 Rf8 41. Ra1 Ra8 42. d6 Rxd6 43. Rxf7+ Kh6 44. Kf2 Rc8 45. Rh1+ Kg5 46. Rg1+ Kh6 47. Be2 Rc2 48. Rh1+ 1/2-1/2

[Event "EYTCC U18 Open 2019"]
[Site "Pardubice"]
[Date "2019.07.14"]
[Round "4.10"]
[White "Ozsakallioglu, Akin"]
[Black "Stevanic, David"]
[Result "0-1"]
[ECO "C77"]
[WhiteElo "1901"]
[BlackElo "2306"]
[Annotator "NA"]
[PlyCount "110"]
[EventDate "2019.07.11"]
[EventType "swiss"]
[EventCountry "CZE"]
[SourceTitle "playchess.com"]
[Source "ChessBase"]
[SourceQuality "1"]
[WhiteTeam "Turkey"]
[BlackTeam "Slovenia"]
[WhiteTeamCountry "TUR"]
[BlackTeamCountry "SLO"]
[TimeControl "40/5400+30:1800+30"]

1. e4 e5 2. Nf3 Nc6 3. Bb5 a6 4. Ba4 Nf6 5. d3 b5 6. Bb3 Be7 7. Nc3 d6 8. Nd5 Na5 9. Nxe7 Qxe7 10. Bg5 Nxb3 11. axb3 h6 12. Bh4 g5 13. Bg3 h5 14. h4 g4 15. Nd2 Bb7 16. O-O Rg8 17. Re1 O-O-O 18. Nf1 Qe6 19. c4 b4 20. Ne3 c5 21. Rf1 Rg6 22. Qb1 Ng8 23. Nf5 Ne7 24. f4 gxf3 25. Rxf3 Rg4 26. Ne3 Rg7 27. Qf1 f5 28. Nxf5 Nxf5 29. exf5 Qf6 30. Re3 Rdg8 31. Kh2 Rxg3 32. Rxg3 Qxh4+ 33. Rh3 Qg4 34. Rf3 Bxf3 35. Qxf3 Qxf3 36. gxf3 Rf8 37. Rxa6 Kc7 38. Ra7+ Kb6 39. Rh7 Rxf5 40. Kg3 Rf4 41. Rxh5 Rd4 42. Rh2 Rxd3 43. Re2 Rxb3 44. Rd2 Kc6 45. Kf2 Kd7 46. Ke2 Ke6 47. Kf2 Kf5 48. Kg3 e4 49. Rxd6 Rxf3+ 50. Kg2 Rb3 51. Rd5+ Kf4 52. Rxc5 Rxb2+ 53. Kf1 Rc2 54. Ke1 b3 55. Kd1 e3 0-1

[Event "EYTCC U18 Open 2019"]
[Site "Pardubice"]
[Date "2019.07.14"]
[Round "4.11"]
[White "Tisaj, Domen"]
[Black "Ozdemir, Serhan Berat"]
[Result "1-0"]
[ECO "E81"]
[WhiteElo "2232"]
[BlackElo "1985"]
[Annotator "NA"]
[PlyCount "73"]
[EventDate "2019.07.11"]
[EventType "swiss"]
[EventCountry "CZE"]
[SourceTitle "playchess.com"]
[Source "ChessBase"]
[SourceQuality "1"]
[WhiteTeam "Slovenia"]
[BlackTeam "Turkey"]
[WhiteTeamCountry "SLO"]
[BlackTeamCountry "TUR"]
[TimeControl "40/5400+30:1800+30"]

1. d4 Nf6 2. c4 g6 3. Nc3 Bg7 4. e4 d6 5. f3 O-O 6. Be3 c5 7. Nge2 cxd4 8. Nxd4 Nc6 9. Be2 Nd7 10. O-O Nc5 11. Qd2 a5 12. Rfd1 Bd7 13. b3 Re8 14. Rac1 Rc8 15. Ndb5 Ne5 16. Nd5 h5 17. h3 Kh7 18. Nbc3 Nc6 19. Bd3 e6 20. Nf4 Nxd3 21. Qxd3 Be5 22. Nfe2 Nb4 23. Qd2 Rc6 24. Bd4 Bxd4+ 25. Nxd4 Rb6 26. c5 dxc5 27. Nde2 Re7 28. e5 Qc7 29. Qg5 Bc6 30. Rd6 Rd7 31. Rcd1 Bd5 32. Rxb6 Qxb6 33. Ne4 c4+ 34. Kh2 Rd8 35. bxc4 Bxe4 36. Rxd8 Qf2 37. Qf6 1-0

[Event "EYTCC U18 Open 2019"]
[Site "Pardubice"]
[Date "2019.07.14"]
[Round "4.12"]
[White "Buke, Furkan"]
[Black "Marn, Jan"]
[Result "1/2-1/2"]
[ECO "C60"]
[WhiteElo "1959"]
[BlackElo "2215"]
[Annotator "NA"]
[PlyCount "74"]
[EventDate "2019.07.11"]
[EventType "swiss"]
[EventCountry "CZE"]
[SourceTitle "playchess.com"]
[Source "ChessBase"]
[SourceQuality "1"]
[WhiteTeam "Turkey"]
[BlackTeam "Slovenia"]
[WhiteTeamCountry "TUR"]
[BlackTeamCountry "SLO"]
[TimeControl "40/5400+30:1800+30"]

1. e4 e5 2. Nf3 Nc6 3. Bb5 g6 4. Nc3 Bg7 5. h4 Nf6 6. d3 d6 7. Be3 a6 8. Ba4 b5 9. Bb3 Na5 10. Qd2 Nxb3 11. axb3 Bb7 12. Bh6 O-O 13. O-O-O b4 14. Ne2 Bxh6 15. Qxh6 Ng4 16. Qd2 Nxf2 17. Qh6 Qf6 18. h5 Qg7 19. Qd2 Nxd1 20. Kxd1 c5 21. Ng3 Bc8 22. hxg6 fxg6 23. Qg5 Be6 24. Rh6 Qf6 25. Ke1 Ra7 26. Qxf6 Rxf6 27. Ng5 Bc8 28. Nf1 a5 29. Ne3 Rf8 30. g3 Rd7 31. Nc4 Re8 32. Nb6 Rb7 33. Nc4 Kg7 34. Rxh7+ Kg8 35. Rh6 Kg7 36. Rh7+ Kg8 37. Rh6 Kg7 1/2-1/2

[Event "EYTCC U18 Open 2019"]
[Site "Pardubice"]
[Date "2019.07.14"]
[Round "4.14"]
[White "Bugar, Peter"]
[Black "Zlatin, Alexander"]
[Result "0-1"]
[ECO "A22"]
[WhiteElo "2002"]
[BlackElo "2270"]
[Annotator "NA"]
[PlyCount "122"]
[EventDate "2019.07.11"]
[EventType "swiss"]
[EventCountry "CZE"]
[SourceTitle "playchess.com"]
[Source "ChessBase"]
[SourceQuality "1"]
[WhiteTeam "Slovakia"]
[BlackTeam "Israel"]
[WhiteTeamCountry "SVK"]
[BlackTeamCountry "ISR"]
[TimeControl "40/5400+30:1800+30"]

1. c4 e5 2. g3 Nf6 3. Nc3 d5 4. cxd5 Nxd5 5. Bg2 Nb6 6. e3 Nc6 7. Nge2 Bg4 8. O-O Qd7 9. Re1 O-O-O 10. a3 a5 11. Qb3 Be6 12. Qc2 Bf5 13. Ne4 Qd3 14. Qxd3 Rxd3 15. f4 f6 16. Nf2 Rd8 17. d4 exd4 18. exd4 Nxd4 19. Nxd4 Rxd4 20. Be3 Rd8 21. Rac1 Kb8 22. Bc5 Bd6 23. Ne4 Bxe4 24. Bxe4 Bxc5+ 25. Rxc5 Rhe8 26. Kf1 h6 27. Bf3 Rxe1+ 28. Kxe1 a4 29. Rb5 Rd6 30. Ke2 Kc8 31. h4 g6 32. g4 Re6+ 33. Kf2 Re7 34. Rb4 Rg7 35. Be4 g5 36. fxg5 fxg5 37. h5 Re7 38. Kf3 Re5 39. Bc2 Ra5 40. Bf5+ Kd8 41. Bd3 Rd5 42. Ke4 Rd6 43. Rd4 Rxd4+ 44. Kxd4 c6 45. Bc2 Ke7 46. Bd1 Kd6 47. Ke4 Ke6 48. Kd4 Kd6 49. Ke4 Nc4 50. Kf5 Nxb2 51. Bc2 Nc4 52. Kg6 Ke5 53. Kxh6 Kf4 54. Kh7 Ne3 55. Bxa4 Nxg4 56. Bd1 Ne5 57. Kg8 Nf7 58. Bb3 g4 59. Bd1 c5 60. Kf8 g3 61. Bf3 c4 0-1

[Event "EYTCC U18 Open 2019"]
[Site "Pardubice"]
[Date "2019.07.14"]
[Round "4.15"]
[White "Rozen, Eytan"]
[Black "Viczencz, Peter"]
[Result "1-0"]
[ECO "A13"]
[WhiteElo "2260"]
[BlackElo "2014"]
[Annotator "NA"]
[PlyCount "111"]
[EventDate "2019.07.11"]
[EventType "swiss"]
[EventCountry "CZE"]
[SourceTitle "playchess.com"]
[Source "ChessBase"]
[SourceQuality "1"]
[WhiteTeam "Israel"]
[BlackTeam "Slovakia"]
[WhiteTeamCountry "ISR"]
[BlackTeamCountry "SVK"]
[TimeControl "40/5400+30:1800+30"]

1. c4 e6 2. Nf3 Nf6 3. g3 d5 4. Bg2 Be7 5. d4 O-O 6. O-O h6 7. Nc3 dxc4 8. Ne5 c5 9. dxc5 Bxc5 10. Nxc4 Nc6 11. Bf4 Qe7 12. Bd6 Bxd6 13. Qxd6 Qxd6 14. Nxd6 Rb8 15. Rfd1 Rd8 16. Rac1 Kf8 17. Rd2 Ke7 18. Rcd1 Nd7 19. Ncb5 Nb6 20. Bxc6 bxc6 21. Nxa7 Bd7 22. Nxf7 Kxf7 23. Nxc6 Bxc6 24. Rxd8 Rb7 25. b3 Bd5 26. f3 Ke7 27. Rg8 Kf7 28. Rh8 Nd7 29. e4 Bc6 30. Rc8 Ne5 31. Kf2 Bd7 32. Rc5 Kf6 33. h3 Nf7 34. Rdc1 Rb6 35. Ke3 Ke7 36. e5 Nd8 37. R1c3 Nc6 38. a3 Ke8 39. a4 Ne7 40. a5 Ra6 41. R3c4 Nd5+ 42. Kd2 Ke7 43. f4 Kf7 44. Rd4 Ra7 45. b4 Be8 46. g4 Bd7 47. Rdxd5 exd5 48. f5 Ke7 49. Rxd5 Bc6 50. Rd6 Bg2 51. h4 Bh3 52. Rg6 Kf7 53. h5 Bf1 54. e6+ Ke8 55. f6 gxf6 56. Rg8+ 1-0

[Event "EYTCC U18 Open 2019"]
[Site "Pardubice"]
[Date "2019.07.14"]
[Round "4.16"]
[White "Matis, Tibor"]
[Black "Gleizer, Adar"]
[Result "0-1"]
[ECO "C44"]
[WhiteElo "1862"]
[BlackElo "1748"]
[Annotator "NA"]
[PlyCount "114"]
[EventDate "2019.07.11"]
[EventType "swiss"]
[EventCountry "CZE"]
[SourceTitle "playchess.com"]
[Source "ChessBase"]
[SourceQuality "1"]
[WhiteTeam "Slovakia"]
[BlackTeam "Israel"]
[WhiteTeamCountry "SVK"]
[BlackTeamCountry "ISR"]
[TimeControl "40/5400+30:1800+30"]

1. e4 e5 2. Nf3 Nc6 3. d4 exd4 4. Nxd4 Nf6 5. Nc3 Bb4 6. Bg5 h6 7. Nxc6 bxc6 8. Bxf6 Qxf6 9. Qd2 d5 10. exd5 cxd5 11. Qe3+ Kf8 12. Rd1 Bg4 13. Rd4 Re8 14. Rxb4 Rxe3+ 15. fxe3 Bd7 16. Bd3 g6 17. Rf4 Qe5 18. O-O f5 19. e4 dxe4 20. Rxe4 Qc5+ 21. Kh1 Kg7 22. Rc4 Qe5 23. Rd1 Be6 24. Rc6 Rd8 25. a4 Rd7 26. Nb5 Bd5 27. Rc5 Qe7 28. b4 c6 29. Nc3 Qh4 30. Nxd5 cxd5 31. Rb5 Re7 32. h3 Re1+ 33. Rxe1 Qxe1+ 34. Kh2 Qe5+ 35. Kg1 Qa1+ 36. Kh2 Qxa4 37. Rxd5 Qxb4 38. Rd7+ Kf6 39. Rxa7 Qf4+ 40. Kh1 Qe3 41. Ra6+ Kg5 42. Kh2 Qe5+ 43. Kg1 Qe1+ 44. Kh2 Kh5 45. Bc4 Qe5+ 46. Kh1 g5 47. Re6 Qa5 48. Bd3 Kh4 49. Re3 Qa1+ 50. Kh2 Qc1 51. Rf3 f4 52. Rf1 Qe3 53. Rf3 Qd2 54. Kg1 h5 55. Rf2 Qc1+ 56. Rf1 Qe3+ 57. Rf2 Kg3 0-1

[Event "EYTCC U18 Open 2019"]
[Site "Pardubice"]
[Date "2019.07.14"]
[Round "4.25"]
[White "Ivic, Velimir"]
[Black "Blohberger, Felix"]
[Result "1-0"]
[ECO "C60"]
[WhiteElo "2510"]
[BlackElo "2476"]
[Annotator "ChessBase"]
[PlyCount "109"]
[EventDate "2019.07.11"]
[EventType "swiss"]
[EventCountry "CZE"]
[SourceTitle "playchess.com"]
[Source "ChessBase"]
[SourceQuality "1"]
[WhiteTeam "Serbia"]
[BlackTeam "Austria"]
[WhiteTeamCountry "SRB"]
[BlackTeamCountry "AUT"]
[TimeControl "40/5400+30:1800+30"]

1. e4 e5 2. Nf3 Nc6 3. Bb5 g6 4. O-O Bg7 5. c3 a6 6. Bc4 Nge7 7. d4 exd4 8. cxd4 b5 9. Bd3 d6 10. d5 Na5 11. Nc3 O-O 12. Bg5 c5 13. dxc6 Naxc6 14. Qd2 Be6 15. Rfe1 Qd7 16. Bh6 Ne5 17. Be2 b4 18. Nd1 Nxf3+ 19. Bxf3 Bxh6 20. Qxh6 d5 21. Ne3 dxe4 22. Bxe4 Rac8 23. Rad1 Qc7 24. Bf3 Nf5 25. Nxf5 Bxf5 26. h4 Rfe8 27. Qd2 Qc4 28. h5 gxh5 29. Bxh5 Bg6 30. Bf3 Qxa2 31. Qxb4 Rxe1+ 32. Rxe1 a5 33. Qb5 Rd8 34. Qg5 Rf8 35. Qb5 Rd8 36. Kh2 a4 37. Re3 Qb1 38. Qb6 Rf8 39. Ra3 Bc2 40. Bc6 Bg6 41. Rxa4 Qf5 42. Qd4 Qh5+ 43. Kg1 Qg5 44. Qc3 Qd8 45. Rd4 Qf6 46. b4 Kg7 47. Qc5 h5 48. b5 Rc8 49. Rd6 Qa1+ 50. Kh2 Qb2 51. f4 Qb1 52. Qe5+ Kh7 53. Rf6 Qb4 54. f5 Qh4+ 55. Kg1 1-0

[Event "EYTCC U18 Open 2019"]
[Site "Pardubice"]
[Date "2019.07.14"]
[Round "4.27"]
[White "Budisavljevic, Luka"]
[Black "Leisch, Lukas"]
[Result "1/2-1/2"]
[ECO "A05"]
[WhiteElo "2351"]
[BlackElo "2327"]
[Annotator "NA"]
[PlyCount "118"]
[EventDate "2019.07.11"]
[EventType "swiss"]
[EventCountry "CZE"]
[SourceTitle "playchess.com"]
[Source "ChessBase"]
[SourceQuality "1"]
[WhiteTeam "Serbia"]
[BlackTeam "Austria"]
[WhiteTeamCountry "SRB"]
[BlackTeamCountry "AUT"]
[TimeControl "40/5400+30:1800+30"]

1. Nf3 Nf6 2. c4 e6 3. e3 d5 4. d4 b6 5. b3 Bd6 6. Ba3 Bxa3 7. Nxa3 O-O 8. Bd3 Bb7 9. O-O Qe7 10. Nb5 a6 11. Nc3 Nbd7 12. Rc1 c5 13. cxd5 exd5 14. Ne2 Rfd8 15. Ng3 g6 16. Qe2 Ne4 17. Qb2 Rac8 18. Rfd1 h5 19. Ne2 Ndf6 20. Ne5 Re8 21. Nc3 Nxc3 22. Rxc3 cxd4 23. Rxc8 Rxc8 24. Qxd4 Qe6 25. h3 Ne8 26. Nf3 Ng7 27. Qf4 Qe7 28. Qh6 Ne6 29. Bxg6 fxg6 30. Qxg6+ Kf8 31. Qxh5 Qg7 32. Nd4 Nxd4 33. Rxd4 Ke7 34. Rg4 Qa1+ 35. Kh2 Kd6 36. Qf7 Bc6 37. b4 Qe5+ 38. f4 Qe7 39. Rg6+ Kd7 40. Qf5+ Kd8 41. Rh6 Bd7 42. Qxd5 Kc7 43. Qd3 Re8 44. Rh7 Qd6 45. Qc4+ Qc6 46. Qxa6 Rxe3 47. Qa7+ Kc8 48. Rh8+ Re8 49. Rxe8+ Bxe8 50. Qe7 Bd7 51. h4 Qc4 52. Qf8+ Kc7 53. h5 Qe2 54. h6 Qh5+ 55. Kg1 Qd1+ 56. Kf2 Qc2+ 57. Kg1 Qd1+ 58. Kh2 Qh5+ 59. Kg1 Qd1+ 1/2-1/2

[Event "EYTCC U18 Open 2019"]
[Site "Pardubice"]
[Date "2019.07.14"]
[Round "4.28"]
[White "Morgunov, Marc"]
[Black "Omorjan, Dejan"]
[Result "1-0"]
[ECO "B11"]
[WhiteElo "2314"]
[BlackElo "2317"]
[Annotator "NA"]
[PlyCount "119"]
[EventDate "2019.07.11"]
[EventType "swiss"]
[EventCountry "CZE"]
[SourceTitle "playchess.com"]
[Source "ChessBase"]
[SourceQuality "1"]
[WhiteTeam "Austria"]
[BlackTeam "Serbia"]
[WhiteTeamCountry "AUT"]
[BlackTeamCountry "SRB"]
[TimeControl "40/5400+30:1800+30"]

1. e4 c6 2. Nc3 d5 3. Nf3 Bg4 4. h3 Bxf3 5. Qxf3 e6 6. Be2 Nd7 7. O-O Ngf6 8. d4 dxe4 9. Nxe4 Nxe4 10. Qxe4 Nf6 11. Qd3 Qc7 12. c3 Bd6 13. Re1 O-O-O 14. b4 e5 15. Be3 Kb8 16. Bf3 h6 17. dxe5 Bxe5 18. Bxa7+ Kxa7 19. Qe3+ Bd4 20. cxd4 Qb6 21. Qa3+ Qa6 22. Qxa6+ Kxa6 23. Re7 Rhf8 24. b5+ cxb5 25. Bxb7+ Kb6 26. Bf3 Rxd4 27. Rb7+ Kc5 28. Rc1+ Rc4 29. Rb1 Ne4 30. R7xb5+ Kd6 31. Rd1+ Kc7 32. Re5 f5 33. Re7+ Kb6 34. Rxg7 Rc2 35. Rg6+ Kc5 36. Rxh6 Rxa2 37. Bxe4 fxe4 38. Rh5+ Kc6 39. Rf1 Kd6 40. Rg5 Rd2 41. Re1 Rf4 42. Rg4 Rxg4 43. hxg4 Ke5 44. g3 Kd4 45. Kf1 Ra2 46. Re2 Ra6 47. Rd2+ Ke5 48. Ke2 Rb6 49. g5 Ra6 50. Rb2 Kd4 51. g6 Rxg6 52. Rb4+ Kd5 53. Ke3 Rg4 54. Rb5+ Ke6 55. Rh5 Kf6 56. Rh4 Rxh4 57. gxh4 Ke5 58. h5 Kf5 59. h6 Kg6 60. Kxe4 1-0

[Event "EYTCC U18 Open 2019"]
[Site "Pardubice"]
[Date "2019.07.14"]
[Round "4.31"]
[White "Vrolijk, Liam"]
[Black "Gorshtein, Ido"]
[Result "1/2-1/2"]
[ECO "E11"]
[WhiteElo "2478"]
[BlackElo "2367"]
[Annotator "ChessBase"]
[PlyCount "68"]
[EventDate "2019.07.11"]
[EventType "swiss"]
[EventCountry "CZE"]
[SourceTitle "playchess.com"]
[Source "ChessBase"]
[SourceQuality "1"]
[WhiteTeam "Netherlands"]
[BlackTeam "Israel"]
[WhiteTeamCountry "NED"]
[BlackTeamCountry "ISR"]
[TimeControl "40/5400+30:1800+30"]

1. d4 Nf6 2. c4 e6 3. Nf3 Bb4+ 4. Bd2 Bxd2+ 5. Qxd2 O-O 6. g3 d6 7. Bg2 Nc6 8. Nc3 e5 9. O-O Bg4 10. dxe5 dxe5 11. Qe3 Re8 12. Rad1 Qe7 13. Nd5 Nxd5 14. cxd5 Bxf3 15. Qxf3 Nd4 16. Qd3 g6 17. Rc1 Qd6 18. Rc3 Re7 19. Rfc1 Rd8 20. Be4 a6 21. a4 Qb6 22. e3 Nc6 23. Qc4 Nb4 24. Qb3 a5 25. Rc5 Rdd7 26. Qc4 Kg7 27. Bg2 h5 28. h4 c6 29. dxc6 bxc6 30. Qb3 Qd8 31. Bxc6 Rd3 32. Qc4 Rd1+ 33. Kh2 Rd2 34. Kg1 Rd1+ 1/2-1/2

[Event "EYTCC U18 Open 2019"]
[Site "Pardubice"]
[Date "2019.07.14"]
[Round "4.32"]
[White "Globus, Or"]
[Black "Van Dael, Siem"]
[Result "1-0"]
[ECO "E68"]
[WhiteElo "2352"]
[BlackElo "2319"]
[Annotator "NA"]
[PlyCount "47"]
[EventDate "2019.07.11"]
[EventType "swiss"]
[EventCountry "CZE"]
[SourceTitle "playchess.com"]
[Source "ChessBase"]
[SourceQuality "1"]
[WhiteTeam "Israel"]
[BlackTeam "Netherlands"]
[WhiteTeamCountry "ISR"]
[BlackTeamCountry "NED"]
[TimeControl "40/5400+30:1800+30"]

1. d4 Nf6 2. c4 g6 3. Nc3 Bg7 4. g3 O-O 5. Bg2 d6 6. Nf3 Nbd7 7. O-O e5 8. e4 Re8 9. h3 exd4 10. Nxd4 a6 11. Be3 Rb8 12. b3 c5 13. Nde2 b5 14. Qxd6 b4 15. Na4 Nxe4 16. Bxe4 Rxe4 17. Rad1 Qe8 18. Nf4 Be5 19. Qc6 Bd4 20. Nxc5 Rxe3 21. Rxd4 Rxg3+ 22. Ng2 Rb6 23. Qc7 Rxg2+ 24. Kxg2 1-0

[Event "EYTCC U18 Open 2019"]
[Site "Pardubice"]
[Date "2019.07.14"]
[Round "4.33"]
[White "Engel, Luis"]
[Black "Willow, Jonah B"]
[Result "1-0"]
[ECO "B47"]
[WhiteElo "2509"]
[BlackElo "2343"]
[Annotator "ChessBase"]
[PlyCount "41"]
[EventDate "2019.07.11"]
[EventType "swiss"]
[EventCountry "CZE"]
[SourceTitle "playchess.com"]
[Source "ChessBase"]
[SourceQuality "1"]
[WhiteTeam "Germany"]
[BlackTeam "England"]
[WhiteTeamCountry "GER"]
[BlackTeamCountry "ENG"]
[TimeControl "40/5400+30:1800+30"]

1. e4 c5 2. Nf3 e6 3. d4 cxd4 4. Nxd4 Nc6 5. Nc3 Qc7 6. Be2 Nf6 7. Be3 Be7 8. f4 d6 9. Qd2 O-O 10. O-O-O a6 11. g4 b5 12. g5 Nd7 13. Nxc6 Qxc6 14. a3 Rb8 15. f5 a5 16. f6 gxf6 17. gxf6 Bxf6 18. Rhg1+ Kh8 19. Bh6 Rd8 20. Bh5 b4 21. Qg2 1-0

[Event "EYTCC U18 Open 2019"]
[Site "Pardubice"]
[Date "2019.07.14"]
[Round "4.34"]
[White "Derakhshani, Borna"]
[Black "Buckels, Valentin"]
[Result "0-1"]
[ECO "A06"]
[WhiteElo "2300"]
[BlackElo "2451"]
[Annotator "RC"]
[PlyCount "72"]
[EventDate "2019.07.11"]
[EventType "swiss"]
[EventCountry "CZE"]
[SourceTitle "playchess.com"]
[Source "ChessBase"]
[SourceQuality "1"]
[WhiteTeam "England"]
[BlackTeam "Germany"]
[WhiteTeamCountry "ENG"]
[BlackTeamCountry "GER"]
[TimeControl "40/5400+30:1800+30"]

1. Nf3 d5 2. d4 e6 3. Bf4 Bd6 4. Bg3 Nf6 5. Nbd2 c5 6. e3 O-O 7. c3 Qc7 8. Ne5 Nbd7 9. f4 Ne4 10. Bd3 Ndf6 11. O-O b6 12. Bh4 Bb7 13. Bxf6 gxf6 14. Bxe4 dxe4 15. Nec4 Be7 16. f5 Kh8 17. Qh5 Bd5 18. Na3 Rg8 19. c4 Rg5 20. Qh3 Bc6 21. d5 exd5 22. cxd5 Bxd5 23. Nb5 Qe5 24. Nc3 b5 25. Rad1 Bc6 26. Rf4 Rd8 27. Nf1 Rxd1 28. Nxd1 Bd7 29. Ng3 Qd5 30. Nc3 Qd3 31. Rxe4 Bf8 32. Rf4 Qxe3+ 33. Rf2 c4 34. Nd5 Qd4 35. Nxf6 Qxf6 36. Ne4 Qd4 0-1